 Dungeon Crawl Stone Soup version 0.19-a0-1111-gcceb26a (webtiles) character file.

85 epen the Ducker (level 4, -1/34 HPs)
             Began as a Spriggan Abyssal Knight on Aug 10, 2016.
             Was a Believer of Lugonu.
             Slain by Grinder (6 damage)
             ... while paralysed by Grinder
             ... on level 3 of the Dungeon.
             The game lasted 00:04:59 (2524 turns).

epen the Ducker (Spriggan Abyssal Knight)           Turns: 2524, Time: 00:05:00

Health: -1/34      AC:  3    Str: 11 (13) XL:     4   Next: 25%
Magic:  7/7        EV:  4    Int: 12 (13) God:    Lugonu [**....]
Gold:   138        SH:  0    Dex: 14 (16) Spells: 0 memorised, 3 levels left

rFire  . . .     SeeInvis +     j - +1 short sword (freeze)
rCold  . . .     Gourm    .     b - +0 robe
rNeg   . . .     Faith    .     (shield restricted)
rPois  .         Spirit   .     (helmet restricted)
rElec  .         Dismiss  .     e - +0 cloak
rCorr  .         Reflect  .     (gloves unavailable)
SustAt .         Harm     .     (boots unavailable)
MR     .....                    (no amulet)
Stlth  ..........               (no ring)
                                l - ring of wizardry

@: paralysed, berserking (expiring), very quick
A: unfitting armour, see invisible, herbivore 3, speed 3, slow metabolism 2
a: Depart the Abyss, Bend Space, Renounce Religion


You were on level 3 of the Dungeon.
You worshipped Lugonu.
Lugonu was pleased with you.
You were not hungry.

You visited 1 branch of the dungeon, and saw 3 of its levels.
You visited the Abyss 1 time.

You collected 138 gold pieces.

Inventory:

Hand Weapons
 a - a +1 short sword
 j - a +1 short sword of freezing (weapon)
Armour
 b - a +0 robe (worn)
 e - a +0 cloak (worn)
Jewellery
 l - a ring of wizardry (left hand)
Scrolls
 d - 4 scrolls of identify {unknown}
 g - a scroll of magic mapping {unknown}
 h - 5 scrolls of remove curse {unknown}
 i - 2 scrolls of amnesia {unknown}
 o - a scroll of recharging {unknown}
Potions
 k - a potion of degeneration
 m - a potion of heal wounds {unknown}
 n - a potion of curing {unknown}
 p - 2 potions of resistance {unknown}
Comestibles
 c - 4 bread rations


   Skills:
 + Level 2.7 Fighting
 * Level 3.0 Short Blades
 + Level 4.0 Dodging
 + Level 2.5 Stealth
 * Level 2.8 Invocations


You had 3 spell levels left.
You didn't know any spells.

Dungeon Overview and Level Annotations

Branches:
Dungeon (3/15)

Altars:
Kikubaaqudgha
Qazlal

Annotations:
D:3 Grinder


Innate Abilities, Weirdness & Mutations

You are tiny and cannot use many weapons and most armour.
You have supernaturally acute eyesight. (SInv)
You are a herbivore.
You cover ground extremely quickly.
You need consume almost no food.


Message History

Pain shoots through your body!
Ouch! That really hurt!
* * * LOW HITPOINT WARNING * * *
You can move again.
Unknown command.
It was a potion of degeneration.
There was something very wrong with that liquid.
You feel weakened.
You feel dopey.
You feel clumsy.
It was a potion of berserk rage.
A red film seems to cover your vision as you go berserk!
You feel yourself moving faster!
You feel mighty!
You feel a strong urge to attack something.
You are too injured to fight recklessly!
You are too injured to fight recklessly!
You are too injured to fight recklessly!
Grinder gestures at you.
You suddenly lose the ability to move!
Grinder barely misses you. Grinder hits you.
You die...

#.# #.# #.# #.#
#########.#
#.........### #
#..).....<#
#.#####.....###
#....@5.###.#
######### #.#
#.# #.. ##. .#


You could see Grinder.

Vanquished Creatures
  Crazy Yiuf (D:2)
  An adder (D:2)
  An ooze (D:3)
  2 giant geckos (D:1)
  4 giant cockroaches
  4 goblins
  5 hobgoblins
  3 jackals (D:3)
  5 kobolds
  A ball python (D:1)
  5 bats
  2 giant newts (D:2)
  9 rats
43 creatures vanquished.

Notes
Turn   | Place    | Note
-------+----------+-------------------------------------------
     0 | Abyss:1  | epen the Spriggan Abyssal Knight began the quest for the Orb.
     0 | Abyss:1  | Reached XP level 1. HP: 11/11 MP: 3/3
     2 | Abyss:1  | Found a corrupted altar of Lugonu.
    98 | Abyss:1  | Noticed a sixfirhy
   162 | Abyss:1  | Found a bloodstained altar of Trog.
   239 | Abyss:1  | Noticed a wretched star
   240 | D:1      | Escaped the Abyss
   397 | D:1      | Reached XP level 2. HP: 16/16 MP: 4/4
   431 | D:1      | Reached * piety under Lugonu
   435 | D:1      | Reached skill level 1 in Stealth
  1339 | D:2      | Reached XP level 3. HP: 17/19 MP: 5/5
  1355 | D:2      | Found a stormy altar of Qazlal.
  1356 | D:2      | Noticed an earth elemental
  1358 | D:2      | Noticed a water elemental
  1367 | D:2      | Noticed a fire elemental
  1376 | D:2      | Noticed an air elemental
  1566 | D:2      | Found an ancient bone altar of Kikubaaqudgha.
  1729 | D:2      | Found a runed door.
  2052 | D:2      | Noticed Crazy Yiuf
  2069 | D:2      | Killed Crazy Yiuf
  2069 | D:2      | Reached ** piety under Lugonu
  2069 | D:2      | Reached skill level 4 in Dodging
  2069 | D:2      | Reached XP level 4. HP: 19/23 MP: 5/7
  2499 | D:3      | Noticed Grinder
  2507 | D:3      | Paralysed by Grinder for 2 turns
  2514 | D:3      | Paralysed by Grinder for 2 turns
  2522 | D:3      | Paralysed by Grinder for 7 turns
  2524 | D:3      | Slain by Grinder

Vault maps used:
D:1:      evilmike_arrival_crescent
D:2:      marbit_many_paths, nicolae_qazlal_style_of_elements, serial_forest,
          infiniplex_forest_lined_3_way, infiniplex_forest_clump_curved,
          infiniplex_forest_clump_medium, infiniplex_forest_clump_long,
          infiniplex_forest_corner_1, infiniplex_forest_side_room,
          infiniplex_forest_straight_2, infiniplex_forest_join,
          infiniplex_forest_corner_1, uniq_crazy_yiuf_cottage
D:3:      first_bread, uniq_grinder

Skill      XL: |  1  2  3 |
---------------+----------+-----
Invocations    | 2 |  2.8
Stealth        | 1 2 |  2.5
Short Blades   | 3 |  3.0
Dodging        | 4 |  4.0
Fighting       | |  2.7

Action                   |  1- 3 |  4- 6 || total
-------------------------+-------+-------++-------
Melee: Short sword       |   106 |    26 ||   132
Invok: Depart the Abyss  |     1 |       ||     1
  Use: Potion            |       |     2 ||     2
 Stab: Sleeping          |     8 |     4 ||    12
       Distracted        |     1 |       ||     1
Armor: Robe              |     7 |     2 ||     9
Dodge: Dodged            |    73 |    17 ||    90
